 Dungeon Crawl Stone Soup version 0.29.0-11-gd7f09526c8 (webtiles) character file.

Game seed: 9581750886514073527

130 gelatine the Trooper (level 4, -15/37 HPs)
             Began as a Demonspawn Berserker on Sept 3, 2022.
             Was a Believer of Trog.
             Demolished by an ogre
             ... wielding a +0 giant club
              (19 damage)
             ... on level 4 of the Dungeon.
             The game lasted 00:06:05 (3543 turns).

gelatine the Trooper (Demonspawn Berserker)         Turns: 3543, Time: 00:06:06

Health: -15/37     AC:  7    Str: 22    XL:     4   Next: 89%
Magic:  0/4        EV: 11    Int:  8    God:    Trog [**....]
Gold:   221        SH:  4    Dex: 13    Spells: 3/3 levels left

rFire   + . .      SeeInvis .   l - +0 battleaxe
rCold   . . .      Faith    .   (shield currently unavailable)
rNeg    . . .      Spirit   +   m - +2 ring mail of Copna {rF+ rCorr Str+3}
rPois   .          Reflect  .   (no helmet)
rElec   .          Harm     .   (no cloak)
rCorr   +          Rampage  .   (no gloves)
Will    .....                   (no boots)
Stlth   +.........              k - amulet of guardian spirit
HPRegen 0.12/turn               (no ring)
MPRegen 0.18/turn               (no ring)

@: no status effects
A: magic regeneration, condensation shield
a: Renounce Religion, Berserk, Trog's Hand


You were on level 4 of the Dungeon.
You worshipped Trog.
Trog was pleased with you.
You visited 1 branch of the dungeon, and saw 4 of its levels.

You collected 221 gold pieces.

Inventory:

Hand Weapons
 l - a +0 battleaxe (weapon)
Missiles
 n - 10 poisoned darts (quivered)
Armour
 m - the +2 ring mail of Copna (worn) {rF+ rCorr Str+3}
   (You found it on level 2 of the Dungeon)

   Str:       It affects your strength (+3).
   rF:        It protects you from fire.
   rCorr:     It protects you from acid and corrosion.
Jewellery
 f - a ring of fire
 k - an amulet of guardian spirit (around neck)
Wands
 d - a wand of flame (18)
Scrolls
 b - a scroll of teleportation
 g - a scroll of poison
 h - 4 scrolls of blinking
 j - 4 scrolls of fear
 q - 2 scrolls of magic mapping
 r - a scroll of vulnerability {unknown}
 t - a scroll of noise {unknown}
 u - a scroll of enchant armour {unknown}
Potions
 a - a potion of lignification {unknown}
 c - a potion of might {unknown}
 e - 2 potions of curing {unknown}
 i - 2 potions of heal wounds {unknown}
 o - a potion of attraction {unknown}
 p - a potion of mutation {unknown}
 s - a potion of degeneration {unknown}


   Skills:
 + Level 3.7 Fighting
 + Level 3.4 Axes
 + Level 2.6 Armour
 + Level 2.8 Dodging
 + Level 0.5 Stealth


You had 3 spell levels left.
You didn't know any spells.
Your spell library was empty.

Dungeon Overview and Level Annotations

Branches:
Dungeon (4/15)             Temple (0/1) D:4

Altars:
Ashenzari


Innate Abilities, Weirdness & Mutations

You regenerate magic rapidly.
A meltable shield of frost defends you. (SH +4)


Message History

The kobold hits you but does no damage. The hound barely misses you.
You slash the hound!
You kill the hound!
Trog accepts your kill.
You completely miss the kobold. You block the kobold's attack.
The kobold hits you but does no damage. The kobold barely misses you.
You hit the kobold.
You kill the kobold!
Trog accepts your kill.
Things that are here:
a +0 short sword; 3 stones; a kobold corpse HP restored.
Found a stone staircase leading down.
u - a scroll labelled WUM WUAGAASK You now have 208 gold pieces (gained 8).
You now have 221 gold pieces (gained 13).
An ogre comes into view. It is wielding a +0 giant club.
The ogre shouts!
You see here a scroll of magic mapping.
You throw a poisoned dart. The poisoned dart hits the ogre.
You throw a poisoned dart. The poisoned dart hits the ogre.
You throw a poisoned dart. The poisoned dart hits the ogre.
You throw a poisoned dart. The poisoned dart hits the ogre.
The ogre is poisoned.
The ogre barely misses you.
You throw a poisoned dart. The poisoned dart hits the ogre.
The ogre looks even sicker.
The ogre hits you with a +0 giant club!!
You completely miss the ogre.
The ogre is lightly wounded.
The ogre hits you with a +0 giant club!!
* * * LOW HITPOINT WARNING * * *
You hit the ogre but do no damage.
The ogre is lightly wounded.
The ogre closely misses you.
You barely miss the ogre.
The ogre is moderately wounded.
The ogre hits you with a +0 giant club!!
Ouch! That really hurt!
You die...

#####
######.#.######.
#...............
#.###..#.#####.
##.###..#.#####..
##..###..#@O(((...
#....#...########.
#######.#..#.....
..##......._..###.
...........#..#
..##.......#....
..###.#...###.##
..........###..
#####.#...###.#


You could see an ogre (poisoned).

Vanquished Creatures
  A hound (D:4)
  Terence (D:3)
  2 adders
  A worm (D:2)
  2 dart slugs
  An orc (D:3)
  5 endoplasms
  A giant cockroach (D:1)
  8 goblins
  2 hobgoblins (D:2)
  2 jackals (D:2)
  10 kobolds
  A quokka (D:2)
  4 ball pythons
  3 bats
  4 frilled lizards
  6 rats
54 creatures vanquished.

Notes
Turn   | Place    | Note
-------+----------+-------------------------------------------
     0 | D:1      | gelatine the Demonspawn Berserker began the quest for the
                  | Orb.
     0 | D:1      | Reached XP level 1. HP: 18/18 MP: 1/1
   138 | D:1      | Found a faded altar of an unknown god.
   769 | D:1      | Gained mutation: You regenerate magic rapidly. [demonic
                  | ancestry]
   769 | D:1      | Reached XP level 2. HP: 24/24 MP: 2/2
  1287 | D:2      | Reached XP level 3. HP: 28/29 MP: 3/3
  1341 | D:2      | Identified the +2 ring mail of Copna {rF+ rCorr Str+3}
  2037 | D:3      | Reached ** piety under Trog
  2446 | D:3      | Noticed Terence
  2452 | D:3      | Killed Terence
  2453 | D:3      | Gained mutation: A meltable shield of frost defends you.
                  | (SH +4) [demonic ancestry]
  2453 | D:3      | Reached XP level 4. HP: 21/36 MP: 2/4
  3250 | D:4      | Found a staircase to the Ecumenical Temple.
  3443 | D:4      | Found a broken altar of Ashenzari.
  3534 | D:4      | Noticed an ogre
  3543 | D:4      | Demolished by an ogre

Illustrated notes

Levels and vault maps discovered:
D:1:      psy_arrival_radial02, layout_rooms, ebering_ecumenical_altar_hall,
          minmay_split_cup_small
D:2:      layout_loops_ring, small_statue_intersection
D:3:      layout_loops_ring, uniq_terence
D:4:      layout_basic, cheibrodos_ashenzari_chains, temple_statues

Skill      XL: |  1  2 |
---------------+-------+-----
Axes           | 3 |  3.4
Armour         | 2 |  2.6
Dodging        | 2 |  2.8
Fighting       | |  3.7
Stealth        | |  0.5

Action                   |  1- 3 |  4- 6 || total
-------------------------+-------+-------++-------
Melee: Hand axe          |    52 |       ||    52
       Battleaxe         |    68 |    28 ||    96
Throw: Dart              |     2 |     5 ||     7
  Use: Scroll            |     5 |     2 ||     7
Armor: Animal skin       |    10 |       ||    10
       Ring mail         |    47 |    12 ||    59
Dodge: Dodged            |    71 |    24 ||    95
Block: Other             |       |     6 ||     6
